 Dungeon Crawl Stone Soup version 0.27.1-2-g3b301248ec (webtiles) character file.

Game seed: 14259177024647815339

31 Descartes the Covert (level 3, 0/17 HPs)
             Began as a Felid Delver on Oct 2, 2021.
             Killed from afar by an orc wizard (7 damage)
             ... with a magic dart
             ... on level 5 of the Dungeon.
             The game lasted 00:00:30 (103 turns).

Descartes the Covert (Felid Delver)                  Turns: 103, Time: 00:00:31

Health: 0/17       AC:  1    Str:  9    XL:     3   Next: 7%
Magic:  4/4        EV: 17    Int: 11    God:
Gold:   0          SH:  0    Dex: 17    Spells: 2/2 levels left
                                        Lives:  0   Deaths: 1

rFire    . . .     SeeInvis +     - Unarmed
rCold    . . .     Faith    .   (shield unavailable)
rNeg     . . .     Spirit   .   (armour unavailable)
rPois    .         Reflect  .   (helmet unavailable)
rElec    .         Harm     .   (cloak unavailable)
rCorr    .         Rampage  .   (gloves unavailable)
Will     .....                  (boots unavailable)
Stlth    ++++......             (no amulet)
HPRegen  0.05/turn              (no ring)
MPRegen  0.09/turn              (no ring)

@: quick
A: very small, claws 1, fangs 3, see invisible, speed 1, shaggy fur 1, stealthy
paws, no weapons or thrown items, no armour, multi-lived
a: no special abilities


You were on level 5 of the Dungeon.
You visited 1 branch of the dungeon, and saw 1 of its levels.

Inventory:

Wands
 e - a wand of digging (3)
Scrolls
 a - a scroll of fog
 b - a scroll of magic mapping
 c - a scroll of fear


   Skills:
 - Level 3.0 Fighting
 - Level 2.6 Dodging
 + Level 8.8 Stealth
 - Level 2.0 Unarmed Combat


You had 2 spell levels left.
You didn't know any spells.
Your spell library was empty.

Dungeon Overview and Level Annotations

Branches:
Dungeon (5/15)
 Temple: D:4-7

Altars:


Innate Abilities, Weirdness & Mutations

You have sharp claws.
You have razor-sharp teeth.
You have supernaturally acute eyesight. (SInv)
You cover ground quickly. (Speed+)
You are covered in fur. (AC +1)
Your paws help you pounce on unaware monsters.
You are incapable of wielding weapons or throwing items.
You cannot wear armour.
You gain extra lives every three experience levels.


Message History

You scratch the orc but do no damage. The orc barely misses you.
You scratch the orc.
The orc is almost dead.
A water moccasin skeleton comes into view.
The orc barely misses you. The orc closely misses you.
You closely miss the orc. You bite the orc.
You kill the orc!
The orc hits you with a +0 whip.
You scratch the orc wizard. You bite the orc wizard.
The orc wizard is moderately wounded.
The orc wizard hits you with a +0 dagger.
The orc closely misses you.
You scratch the orc wizard but do no damage.
The orc wizard is moderately wounded.
The orc wizard misses you. The orc misses you.
You scratch the orc wizard but do no damage.
The orc wizard is moderately wounded.
The orc wizard barely misses you.
A bullfrog zombie comes into view.
The orc completely misses you.
You closely miss the orc wizard.
The orc wizard is moderately wounded.
The orc wizard closely misses you. The orc closely misses you.
You closely miss the orc wizard.
The orc wizard is moderately wounded.
The orc wizard misses you. The orc barely misses you.
You scratch the orc wizard. Your bite misses the orc wizard.
The orc wizard is moderately wounded.
The water moccasin skeleton bites you.
The orc wizard hits you with a +0 dagger.
You are too injured to fight recklessly!
You are too injured to fight recklessly!
You are too injured to fight recklessly!
You are too injured to fight recklessly!
You are too injured to fight recklessly!
You are too injured to fight recklessly!
You are too injured to fight recklessly!
The orc wizard points at you and mumbles some strange words.
The magic dart hits you!
You die...

#.# #.# #.# ##
#####.. . #.. ..#
.# #.# #.##.####.
#####.###..Z......
#.......@.o.Z.....
#.####.##.o.......
#.# #.##..####.##
#####.####.##..#
#...........#..#
#.########..#..#
### #..#...
#..#..#


You could see an orc wizard, an orc, a bullfrog zombie and a water moccasin
skeleton.

Vanquished Creatures
  Blork the orc (D:5)
  An orc (D:5)
2 creatures vanquished.

Notes
Turn   | Place    | Note
-------+----------+-------------------------------------------
     0 | D:5      | Descartes the Felid Delver began the quest for the Orb.
     0 | D:5      | Reached XP level 1. HP: 10/10 MP: 2/2
     0 | D:5      | Noticed Blork the orc
    11 | D:5      | Killed Blork the orc
    12 | D:5      | Reached skill level 8 in Stealth
    12 | D:5      | Reached XP level 2. HP: 7/14 MP: 3/3
    12 | D:5      | Reached XP level 3. HP: 9/17 MP: 4/4
    12 | D:5      | Reached XP level 4. HP: 11/21 MP: 5/5
    74 | D:5      | Slain by a bullfrog skeleton
    75 | D:5      | Reached XP level 3. HP: -3/17 MP: 4/4
   103 | D:5      | Killed from afar by an orc wizard

Illustrated notes

Levels and vault maps discovered:
D:5:      layout_loops_ring, nicolae_overflow_crystal_walls,
          minmay_temple_entry_drinking_statues, nicolae_underground_beach,
          uniq_blork_the_orc

Skill      XL: |  1 |
---------------+----+-----
Stealth        | 8 |  8.8
Fighting       | |  3.0
Dodging        | |  2.6
Unarmed Combat | |  2.0

Action                   |  1- 3 |  4- 6 || total
-------------------------+-------+-------++-------
Melee: Unarmed           |    19 |     3 ||    22
       Bite              |     5 |       ||     5
       Punch             |     1 |       ||     1
  Use: Potion            |       |     1 ||     1
 Stab: Sleeping          |     1 |       ||     1
Armor: Skin              |     1 |       ||     1
Dodge: Dodged            |    20 |     1 ||    21
